 Dungeon Crawl Stone Soup version 0.32-a0-306-gfed3edf829 (webtiles) character file.

Game seed: 272314775133284604

26087 retardedninja the Cleaver (level 12, -13/115 HPs)
             Began as a Mountain Dwarf Fighter on Feb 13, 2024.
             Was the Champion of Cheibriados.
             Mangled by a cane toad (26 damage)
             ... on level 2 of the Lair of Beasts on Feb 14, 2024.
             The game lasted 00:52:59 (24612 turns).

retardedninja the Cleaver (Mountain Dwarf Fighter) Turns: 24612, Time: 00:53:04

Health: -13/115    AC: 22    Str: 37    XL:     12   Next: 95%
Magic:  2/20       EV:  8    Int: 26    God:    Cheibriados [******]
Gold:   890        SH:  7    Dex: 24    Spells: 15/22 levels left

rFire   . . .        F - +0 broad axe
rCold   . . .        c - +0 buckler
rNeg    . . .        l - +0 plate armour
rPois   .            p - +0 helmet
rElec   .            (no cloak)
rCorr   .            (no gloves)
SInv    .            f - +0 pair of boots
Will    +....        (no amulet) Stlth
                     e - +4 ring of protection
HPRegen 0.39/turn    j - ring of wizardry
MPRegen 0.17/turn

%: wizardry (x1)
@: lethally poisoned (-13 -> -23), about to teleport, very slightly
contaminated, very slow
A: runic magic, artefact enchanting
a: Renounce Religion, Bend Time, Temporal Distortion, Slouch, Step From Time


You were on level 2 of the Lair of Beasts.
You worshipped Cheibriados.
Cheibriados was exalted by your worship.
You visited 3 branches of the dungeon, and saw 14 of its levels.

You collected 890 gold pieces.

Inventory:

Hand Weapons
 a - a +2 war axe
 F - a +0 broad axe (weapon)
Missiles
 r - a throwing net (quivered)
Armour
 c - a +0 buckler (worn)
 f - a +0 pair of boots (worn)
 l - a +0 plate armour (worn)
 p - a +0 helmet (worn)
Jewellery
 e - a +4 ring of protection (left hand)
 j - a ring of wizardry (right hand)
 u - a ring of fire
 v - an amulet of magic regeneration
 E - a +6 ring of dexterity
 G - an amulet of the acrobat
 N - the ring of Wiub {rPois rN+ Int-4 Dex+4}
   (You found it on level 2 of the Lair of Beasts)

   [ring of positive energy]

   Int-4:     It affects your intelligence (-4).
   Dex+4:     It affects your dexterity (+4).
   rPois:     It protects you from poison rN+: It protects you from negative
   energy.
Wands
 h - a wand of paralysis (9)
 x - a wand of polymorph (3)
 z - a wand of flame (24)
 A - a wand of mindburst (4)
 J - a wand of digging (5)
Scrolls
 d - a scroll of teleportation
 k - 2 scrolls of revelation
 m - 2 scrolls of fog
 n - a scroll of torment
 w - a scroll of vulnerability {unknown}
 y - a scroll of poison
 D - 2 scrolls of noise {unknown}
 H - a scroll of amnesia {unknown}
 I - a scroll of enchant armour {unknown}
 L - a scroll of immolation
 M - a scroll of butterflies
Potions
 b - 2 potions of mutation
 g - 2 potions of enlightenment
 i - 2 potions of haste
 q - 2 potions of magic
 s - a potion of berserk rage {unknown}
 t - a potion of brilliance
 B - 2 potions of lignification
 C - 3 potions of attraction
Miscellaneous
 K - a phantom mirror


   Skills:
 + Level 13.0 Fighting
 + Level 13.4 Axes
 + Level 11.0 Armour
 - Level 5.3 Shields
 + Level 5.7 Spellcasting
 + Level 6.1 Conjurations
 + Level 5.0 Fire Magic
 - Level 3.1 Earth Magic
 - Level 2.9 Invocations


You had 15 spell levels left.
You knew the following spells:

 Your Spells              Type           Power      Damage    Failure   Level
a - Stone Arrow           Conj/Erth      62%        3d10      2%          3
b - Flame Wave            Conj/Fire      36%        2d10      4%          4

Your spell library contained the following spells:

 Spells                   Type           Power      Damage    Failure   Level
 Magic Dart               Conj           100%       1d8       1%          1
 Sandblast                Erth           46%        2d11      1%          1
 Sting                    Conj/Alch      92%        1d8       1%          1
 Momentum Strike          Conj/Tloc      46%        3d9       1%          2
 Searing Ray              Conj           78%        2d7       1%          2
 Apportation              Tloc           14%        N/A       4%          1
 Dazzling Flash           Conj/Hex       46%        N/A       4%          3
 Passwall                 Erth           23%        N/A       4%          3
 Inner Flame              Hex/Fire       20%        N/A       5%          3
 Volatile Blastmotes      Fire/Tloc      40%        2d13      5%          3
 Brom's Barrelling Bould  Conj/Erth      31%        2d5       7%          4
 Blink                    Tloc           14%        N/A       8%          2
 Ensorcelled Hibernation  Hex/Ice        14%        N/A       8%          2
 Jinxbite                 Hex            14%        N/A       8%          2
 Lesser Beckoning         Tloc           14%        N/A       8%          2
 Mercury Vapours          Alch/Air       14%        N/A       8%          2
 Fulminant Prism          Conj/Alch      11%        3d8       13%         4
 Iskenderun's Mystic Bla  Conj/Tloc      23%        2d6       13%         4
 Swiftness                Air            7%         N/A       14%         3
 Sticky Flame             Fire/Alch      20%        2d6       16%         4
 Summon Blazeheart Golem  Fire/Summ      20%        N/A       16%         4
 Animate Armour           Summ/Erth      30%        N/A       24%         4
 Olgreb's Toxic Radiance  Alch           7%         N/A       41%         4
 Starburst                Conj/Fire      18%        6d7       56%         6
 Alistair's Intoxication  Alch           4%         N/A       75%         5
 Disjunction              Tloc           3%         N/A       100%        8
 Lehudib's Crystal Spear  Conj/Erth      15%        10d5      100%        8
 Maxwell's Capacitive Co  Air            3%         ∞         100%        8


Dungeon Overview and Level Annotations

Branches:
Dungeon (11/15)            Temple (1/1) D:6            Lair (2/5) D:11
    Orc (0/2) D:11
  Swamp: Lair:2-3    Shoals: Lair:2-3     Snake: Lair:2-3    Spider: Lair:2-3

Altars:
Ashenzari
Cheibriados
Dithmenos
Elyvilon
Fedhas
Gozag
Hepliaklqana
Kikubaaqudgha
Makhleb
Nemelex Xobeh
Okawaru
Qazlal
Ru
Sif Muna
Trog
Uskayaw
Vehumet
Wu Jian
Xom
Yredelemnul
Zin
The Shining One

Shops:
D:1 *   D:6 ?   D:10 (

Annotations:
D:3 1 runed translucent door, Crazy Yiuf
D:10 1 runed translucent door, CowFu's ghost, journeyman OnBe
D:11 3 runed translucent doors, jasper's ghost, journeyman MDFi; jboons's ghost, journeyman MDBr; pokeman's ghost, journeyman DEHW
Lair:2 3 runed translucent doors, Syisch's ghost, adept KoDe


Innate Abilities, Weirdness & Mutations

Your spellcasting is much less encumbered by armour.
You can use scrolls of enchantment on lesser artefacts.


Message History

The bullfrog is engulfed in a forest fire.
You kill the bullfrog!
Cheibriados thoroughly appreciates the change of pace.
The cane toad stings you but does no damage.
The spriggan druid hits you but does no damage.
The hornet is engulfed in blazing flames.
Your Fire Magic skill increases to level 5!
You completely miss the cane toad. You hit the spriggan druid.
The cane toad barely misses you.
The hornet is engulfed in blazing flames.
You kill the hornet!
Cheibriados thoroughly appreciates the change of pace.
The basilisk is engulfed in blazing flames.
The spriggan druid hits you with a +0 quarterstaff.
The cane toad stings you but does no damage.
You feel much better.
You feel sick.
You are no longer poisoned.
The basilisk is engulfed in blazing flames.
The spriggan druid hits you with a +0 quarterstaff.
The cane toad stings you.
You barely miss the cane toad. You closely miss the spriggan druid.
The basilisk is engulfed in blazing flames.
The spriggan druid is engulfed in blazing flames.
The spriggan druid calls out to the beasts of the wild!
The cane toad stings you!!
* * * LOW HITPOINT WARNING * * *
You are poisoned.
The cane toad poisons you!
As you read the scroll of teleportation, it crumbles to dust.
You feel strangely unstable.
You feel very sick.
The basilisk is engulfed in blazing flames.
You kill the basilisk!
Cheibriados appreciates the change of pace.
The spriggan druid is engulfed in blazing flames.
The spriggan druid hits you with a +0 quarterstaff.
* * * LOW HITPOINT WARNING * * *
The cane toad stings you!!
You die...
Cheibriados appreciates the motionlessness of death.

#########
#.......#####
#.#.###..P.P#####
#..##
#.......P.###
##@F#
♣♣.P#.P...#.#
##i§§♣♣♣♣♣♣♣♣♣...#
#§§§♣ ♣#... §§§.♣
##.. ♣♣... #.. ♣..
#.#. ♣. ♣#.. ♣....
♣....


You could see a spriggan druid and a cane toad (strong).

Vanquished Creatures
  Snorg (D:10)
  Harold (D:9)
  A centaur warrior (D:11)
  A skyshark (Lair:1)
  Lodul (D:10)
  A spriggan druid (Lair:2)
  Pikel (D:7)
  A manticore (D:11)
  6 cyclopes
  2 black mambas (Lair:1)
  6 cane toads
  An unseen horror (D:11)
  2 kobold demonologists (D:9)
  4 komodo dragons
  4 hornets
  5 trolls
  A polar bear (Lair:2)
  4 blink frogs (Lair:1)
  4 shadows
  20 yaks
  A wyvern (Lair:1)
  2 wraiths (D:11)
  3 basilisks
  A vampire mosquito (D:11)
  3 acid dragons
  8 water moccasins
  4 orc warriors
  An ice beast (D:5)
  A black bear (D:7)
  A laughing skull (D:11)
  7 ogres
  9 centaurs
  10 wolves
  3 phantoms
  3 lemures (D:7)
  3 kobold brigands
  16 bullfrogs
  A gnoll sergeant (D:11)
  A scorpion (D:6)
  15 wights
  6 killer bees (D:9)
  7 howler monkeys
  2 bombardier beetles
  4 orc priests
  4 gnoll boudas
  2 hounds (D:4)
  2 jellies (D:6)
  Jessica (D:2)
  5 iguanas
  15 orc wizards
  Ijyb (D:4)
  Robin (D:3)
  20 gnolls
  7 adders
  2 white imps
  3 ufetubi
  3 dart slugs (D:1)
  27 orcs
  9 ball pythons
  4 bats
  3 endoplasms
  4 giant cockroaches
  19 goblins
  6 hobgoblins
  3 jackals (D:5)
  15 kobolds
  3 quokkas
  6 rats
344 creatures vanquished.

Notes
Turn   | Place    | Note
-------+----------+-------------------------------------------
     0 | D:1      | retardedninja the Mountain Dwarf Fighter began the quest
                  | for the Orb.
     0 | D:1      | Reached XP level 1. HP: 19/19 MP: 1/1
    95 | D:1      | Reached XP level 2. HP: 26/26 MP: 2/2
   271 | D:1      | Found Zaroe's General Store.
   282 | D:1      | Reached XP level 3. HP: 33/33 MP: 3/3
   793 | D:2      | Noticed Jessica
   794 | D:2      | Reached XP level 4. HP: 40/40 MP: 4/4
   811 | D:2      | Killed Jessica
   877 | D:2      | Identified the +0 scale mail "Ferir" {rPois rN++ rCorr
                  | Int-2}
  1427 | D:2      | Reached XP level 5. HP: 23/46 MP: 5/5
  2203 | D:3      | Noticed Robin
  2213 | D:3      | Killed Robin
  2221 | D:3      | Reached XP level 6. HP: 53/53 MP: 6/6
  2389 | D:3      | Found a runed translucent door.
  2390 | D:3      | Noticed Crazy Yiuf
  2957 | D:4      | Reached skill level 5 in Armour
  3000 | D:4      | Reached skill level 5 in Fighting
  3000 | D:4      | Reached skill level 5 in Shields
  3465 | D:4      | Reached skill level 5 in Axes
  3465 | D:4      | Reached XP level 7. HP: 61/61 MP: 7/7
  3589 | D:4      | Noticed Ijyb
  3617 | D:4      | Killed Ijyb
  4170 | D:5      | Entered Level 5 of the Dungeon
  4236 | D:5      | Upgraded the game from 0.32-a0-290-g598725c5f2 to
                  | 0.32-a0-306-gfed3edf829
  5013 | D:5      | Noticed a shadow
  5036 | D:4      | Killed a shadow
  5037 | D:4      | Reached skill level 1 in Spellcasting
  5037 | D:4      | Reached skill level 1 in Conjurations
  5327 | D:5      | Reached XP level 8. HP: 70/70 MP: 10/10
  5792 | D:5      | Found a hide-covered altar of Uskayaw.
  6114 | D:5      | Found a broken altar of Ashenzari.
  6290 | D:6      | Found a staircase to the Ecumenical Temple.
  6736 | Temple   | Entered the Ecumenical Temple
  6760 | Temple   | Became a worshipper of Cheibriados the Contemplative
  6974 | D:6      | Found Ewiliat's Magic Scroll Emporium.
  7334 | D:6      | Reached skill level 1 in Earth Magic
  7334 | D:6      | Reached XP level 9. HP: 56/79 MP: 13/13
  7840 | D:6      | Reached * piety under Cheibriados
  8871 | D:7      | Noticed Pikel
  8926 | D:7      | Killed Pikel
  9612 | D:7      | Reached ** piety under Cheibriados
  9727 | D:7      | Found a shimmering blue altar of Sif Muna.
  9760 | D:7      | Found a glowing silver altar of Zin.
  9959 | D:7      | Learned a level 3 spell: Stone Arrow
 10964 | D:8      | Paralysed by a wight for 2 turns
 10972 | D:8      | Paralysed by a wight for 3 turns
 11606 | D:8      | Reached XP level 10. HP: 77/82 MP: 15/15
 13066 | D:9      | Reached *** piety under Cheibriados
 13666 | D:9      | Noticed a sun demon
 13700 | D:9      | Noticed Harold
 13733 | D:9      | Killed Harold
 13734 | D:9      | Reached skill level 10 in Fighting
 13734 | D:9      | Reached skill level 10 in Axes
 14310 | D:9      | Reached **** piety under Cheibriados
 14898 | D:10     | Entered Level 10 of the Dungeon
 14981 | D:10     | Noticed Snorg
 14994 | D:10     | Killed Snorg
 15044 | D:10     | Found Hiomoa's Weapon Shoppe.
 15271 | D:10     | Reached XP level 11. HP: 36/101 MP: 16/16
 16198 | D:10     | Found an iron altar of Okawaru.
 16424 | D:10     | Noticed Lodul
 16442 | D:10     | Killed Lodul
 16755 | D:10     | Identified the +7 spear "Dragon's Funeral" {vamp, Int+3}
 16757 | D:10     | Found a runed translucent door.
 16757 | D:10     | Noticed CowFu's ghost (journeyman OnBe)
 16758 | D:10     | Noticed a spriggan rider
 17196 | D:11     | Got the Compilation of Distance and Lava
 17440 | D:11     | Reached skill level 1 in Invocations
 17520 | D:11     | Found a runed translucent gate.
 17521 | D:11     | Found a runed translucent gate.
 17521 | D:11     | Noticed jasper's ghost (journeyman MDFi)
 17733 | D:11     | Found a staircase to the Orcish Mines.
 17765 | D:11     | Reached ***** piety under Cheibriados
 18422 | D:11     | Found a staircase to the Lair.
 18447 | D:11     | Reached skill level 10 in Armour
 18452 | D:11     | Learned a level 4 spell: Flame Wave
 18634 | D:11     | Reached skill level 1 in Fire Magic
 18642 | D:11     | Noticed a centaur warrior
 19918 | D:11     | Reached XP level 12. HP: 99/100 MP: 11/18
 19979 | D:11     | Killed a centaur warrior
 20038 | Lair:1   | Entered Level 1 of the Lair of Beasts
 21523 | D:11     | Reached skill level 5 in Conjurations
 21817 | D:11     | Found a runed translucent gate.
 21818 | D:11     | Noticed pokeman's ghost (journeyman DEHW)
 21818 | D:11     | Noticed jboons's ghost (journeyman MDBr)
 22638 | Lair:1   | Reached skill level 5 in Spellcasting
 24108 | Lair:2   | Identified the ring of Wiub {rPois rN+ Int-4 Dex+4}
 24454 | Lair:2   | Reached ****** piety under Cheibriados
 24525 | Lair:2   | Found a runed translucent gate.
 24525 | Lair:2   | Found a runed translucent gate.
 24525 | Lair:2   | Found a runed translucent gate.
 24528 | Lair:2   | Noticed Syisch's ghost (adept KoDe)
 24593 | Lair:2   | Paralysed by a hornet for 2 turns
 24609 | Lair:2   | Reached skill level 5 in Fire Magic
 24612 | Lair:2   | Mangled by a cane toad

Illustrated notes

Levels and vault maps discovered:
D:1:      evilmike_arrival_plus, layout_basic, serial_shops, shop
D:2:      layout_rooms, chequers_decorated_corner, minmay_puff, uniq_jessica
D:3:      layout_basic, uniq_robin, uniq_crazy_yiuf_cottage
D:4:      layout_loops_ring, serial_bayou_lagoon_b, uniq_ijyb
D:5:      layout_gridville, mainiacjoe_overflow_big_doors,
          minmay_chambers_of_fives
D:6:      layout_rooms, minmay_temple_entry_stoned_glass, serial_shops, shop
D:7:      layout_loops_corners, mainiacjoe_overflow_two_lobes, uniq_pikel
D:8:      layout_cave_pools
D:9:      layout_basic, uniq_harold
D:10:     layout_long_grid, okawaru_ov_weapons_minmay, serial_shops,
          nicolae_stop_n_shop_2, ebering_ghost_funeral_grove, nrook_mini_vaults,
          kennysheep_generic_room_10, uniq_snorg, uniq_lodul
D:11:     minmay_quarter_circles, layout_grid_maze, gammafunk_ghost_cemetery
Temple:   bh_familiar_temple
Lair:1:   layout_regular_city, infiniplex_staircase_pool_2
Lair:2:   layout_misc_corridors, mainiacjoe_swamp_entry_angry_trees,
          gammafunk_ghost_ooze, beast_lair_carwin_6

Skill      XL: |  1  2  3  4  5  6  7  8  9 10 11 12 |
---------------+-------------------------------------+-----
Axes           | 3 4 5 6 8 10 12 13 | 13.4
Fighting       | 4 5 7 8 10 12 13 | 13.0
Armour         | 4 5 6 7 9 10 11 | 11.0
Shields        | 4 5 |  5.3
Spellcasting   | 1 2 3 4 5 |  5.7
Conjurations   | 1 3 4 6 |  6.1
Earth Magic    | 1 3 |  3.1
Invocations    | 2 |  2.9
Fire Magic     | 1 5 |  5.0

Action                     |  1- 3 |  4- 6 |  7- 9 | 10-12 || total
---------------------------+-------+-------+-------+-------++-------
  Melee: War axe           |    86 |   244 |   486 |   304 ||  1120
         Broad axe         |       |       |       |   222 ||   222
  Throw: Throwing net      |       |       |       |     1 ||     1
   Cast: Stone Arrow       |       |       |    12 |   123 ||   135
         Flame Wave        |       |       |       |    16 ||    16
  Evoke: Wand              |       |       |     1 |    12 ||    13
         Phantom mirror    |       |       |       |     1 ||     1
    Use: Potion            |       |     1 |    10 |    11 ||    22
         Scroll            |       |       |    11 |    20 ||    31
   Stab: Invisible         |       |       |     8 |       ||     8
 Armour: Scale mail        |    58 |     1 |       |       ||    59
         Plate armour      |       |   231 |   663 |  1104 ||  1998
         Skin              |       |     1 |       |       ||     1
  Dodge: Dodged            |    41 |    66 |   196 |   320 ||   623
  Block: Buckler           |    22 |    56 |   143 |   267 ||   488

Table legend: (Time is in decaauts)
 A = Elapsed time spent in this place.
 B = Non-inter-level travel time spent in this place.
 C = Inter-level travel time spent in this place.
 D = Time resting spent in this place.
 E = Time spent auto-exploring this place.
 F = Levels seen in this place.
 G = Mean time per level.
                   A        B        C        D        E       F      G
               +--------+--------+--------+--------+--------+-----+--------+
         Total |  28658 |  27849 |    809 |  11840 |  11443 |  14 | 2047.0 |
       Dungeon |  25432 |  24691 |    741 |  10900 |   9744 |  11 | 2312.0 |
        Temple |     54 |      7 |     47 |      0 |      0 |   1 |   54.0 |
          Lair |   3172 |   3151 |     21 |    939 |   1698 |   2 | 1586.0 |
               +--------+--------+--------+--------+--------+-----+--------+

Top non-repeatable levels by time:
    D:11: 4657 daAuts
    D:10: 4471 daAuts
     D:8: 2905 daAuts
     D:7: 2799 daAuts
  Lair:1: 2423 daAuts
     D:4: 2028 daAuts
     D:5: 1927 daAuts
     D:9: 1916 daAuts
     D:6: 1863 daAuts
     D:3: 1139 daAuts
     D:2: 1114 daAuts
  Lair:2: 748 daAuts
     D:1: 608 daAuts
  Temple: 54 daAuts
